[Event "Titled Tuesday Blitz December 06 Early 2022"]
[White "Moksh Amit Doshi"]
[Black "Moroni, Luca Jr"]
[WhiteFideId "25064967"]
[BlackFideId "865834"]
[WhiteElo "2297"]
[BlackElo "2573"]
[Result "1-0"]
[Round "02"]
[TimeControl "180+1"]
[Date "2022.12.07"]
[WhiteClock "0:01:09"]
[BlackClock "0:00:10"]

1. d4 d6 2. Nf3 g6 3. e4 Bg7 4. Bc4 Nf6 5. Qe2 O-O 6. O-O c6 7. Bb3 a5 8. c3 a4 9. Bc2 b5 10. Bg5 h6 11. Bh4 g5 12. Bg3 Nh5 13. Nbd2 a3 14. b4 Nxg3 15. hxg3 Nd7 16. e5 f5 17. exd6 exd6 18. Qe6+ Kh8 19. Qxd6 Rf6 20. Ne5 Rxd6 21. Nf7+ Kg8 22. Nxd8 Nf6 23. Bb3+ Nd5 24. Nxc6 Be6 25. Bxd5 Bxd5 26. Ne7+ Kf7 27. Nxf5 Rc6 28. Nxg7 Kxg7 29. Rfc1 Rac8 30. Nb1 Ra8 31. f3 h5 32. Rc2 g4 33. Nd2 Re8 34. Ne4 Bxe4 35. fxe4 Rxe4 36. Rd1 Re3 37. d5 Rd6 38. Kf2 Re5 39. Rcd2 Kf6 40. Rd4 Re8 41. R1d2 Rc8 42. R2d3 Ke5 43. Re3+ Kf5 44. Ke2 Rcd8 45. Red3 Re8+ 46. Kd2 Rc8 47. Kc2 Re8 48. Kb3 Re2 49. Rd2 Re3 50. R4d3 Rxd3 51. Rxd3 Ke4 52. Rd4+ Ke3 53. Kxa3 Kf2 54. Rd3 Kxg2 55. Kb3 Kf2 56. c4 bxc4+ 57. Kxc4 Rd8 58. d6 h4 59. gxh4 g3 60. Kd5 g2 61. Rd2+ Kf3 62. Rxg2 Kxg2 63. Ke6 Rh8 64. d7 Kf3 65. Ke7 Rh7+ 66. Kd6 Rh8 67. Kc7 Rh7 68. Kc8 Rxh4 69. d8=Q Rxb4 70. Qd3+ Kf4 71. Qd2+ 1-0


[Site "https://www.chess.com"]

[Event "Titled Tuesday Blitz December 06 Early 2022"]
[White "Moskvin, Anatoly"]
[Black "Rakhmatullaev, Almas"]
[WhiteFideId "24199990"]
[BlackFideId "14205793"]
[WhiteElo "2104"]
[BlackElo "2221"]
[Result "1-0"]
[Round "02"]
[TimeControl "180+1"]
[Date "2022.12.07"]
[WhiteClock "0:00:18"]
[BlackClock "0:00:05"]

1. e4 e5 2. Nf3 Nf6 3. d4 Nxe4 4. Bd3 d5 5. dxe5 Nc5 6. O-O Be7 7. Nc3 c6 8. h3 h6 9. Nd4 Nbd7 10. f4 Nxd3 11. Qxd3 Nc5 12. Qg3 Rg8 13. Be3 Ne6 14. Nxe6 Bxe6 15. f5 Bc8 16. Rad1 Bg5 17. Bc5 Be7 18. Bxe7 Qxe7 19. Kh1 g6 20. Rxd5 cxd5 21. Nxd5 Qg5 22. Nf6+ Ke7 23. Qa3+ Kd8 24. Qd6+ Bd7 25. Qxd7# 1-0


[Site "https://www.chess.com"]

[Event "Titled Tuesday Blitz December 06 Early 2022"]
[White "Nepo"]
[Black "Garv Gaur"]
[BlackFideId "45030839"]
[WhiteElo "2230"]
[BlackElo "2056"]
[Result "0-1"]
[Round "02"]
[TimeControl "180+1"]
[Date "2022.12.07"]
[WhiteClock "0:00:13"]
[BlackClock "0:01:22"]

1. e4 g6 2. d4 d6 3. Nc3 Bg7 4. Be3 Nd7 5. Qd2 e5 6. Bc4 Ne7 7. Nge2 a6 8. a4 f5 9. Bh6 Bf6 10. O-O exd4 11. Nxd4 Ne5 12. Bb3 Ng4 13. exf5 Nxh6 14. Qxh6 Bxd4 15. fxg6 hxg6 16. Qf4 Nf5 17. Rae1+ Kf8 18. Nd5 Be5 19. Rxe5 dxe5 20. Qxe5 Rh7 21. g4 Qd6 22. f4 Qc5+ 23. Kh1 Ng3+ 0-1


[Site "https://www.chess.com"]

[Event "Titled Tuesday Blitz December 06 Early 2022"]
[White "Nugumanov, Bakhtiyar"]
[Black "Pinheiro, Iung Alicio de O."]
[WhiteFideId "13701797"]
[BlackFideId "2104350"]
[WhiteElo "2287"]
[BlackElo "2283"]
[Result "1-0"]
[Round "02"]
[TimeControl "180+1"]
[Date "2022.12.07"]
[WhiteClock "0:01:22"]
[BlackClock "0:00:08"]

1. e4 c6 2. d4 d5 3. Nd2 dxe4 4. Nxe4 Nf6 5. Nxf6+ exf6 6. c3 Bd6 7. Bd3 O-O 8. Qf3 Re8+ 9. Ne2 Nd7 10. O-O Nf8 11. Bf4 Be7 12. h4 Be6 13. h5 Qd7 14. h6 g6 15. Qg3 b5 16. Rfe1 Bd5 17. Bd2 Ne6 18. Nf4 Bd6 19. Nxd5 cxd5 20. Qf3 f5 21. g3 Bc7 22. a4 bxa4 23. Bc2 Reb8 24. Bxa4 Qd8 25. Bc6 Rxb2 26. Bxa8 Qxa8 27. Be3 a5 28. Reb1 Rxb1+ 29. Rxb1 a4 30. c4 a3 31. Qxd5 Qe8 32. Qb5 Qd8 33. d5 a2 34. Ra1 1-0


[Site "https://www.chess.com"]

[Event "Titled Tuesday Blitz December 06 Early 2022"]
[White "Omariev, Maksim"]
[Black "Larina, Maria"]
[WhiteFideId "4193423"]
[BlackFideId "24113182"]
[WhiteElo "2444"]
[BlackElo "1848"]
[Result "1-0"]
[Round "02"]
[TimeControl "180+1"]
[Date "2022.12.07"]
[WhiteClock "0:00:01"]
[BlackClock "0:00:20"]

1. g4 d5 2. Bg2 c6 3. g5 e5 4. d4 e4 5. c4 Be6 6. Nc3 Qd7 7. h4 f5 8. Nh3 Bf7 9. cxd5 cxd5 10. Nf4 Nc6 11. Be3 g6 12. h5 Bg7 13. h6 Bf8 14. f3 O-O-O 15. fxe4 dxe4 16. d5 Ne5 17. Qd4 Bd6 18. Qxa7 Nc4 19. Rc1 Bb8 20. Qd4 Nxe3 21. Qxe3 Bc7 22. a4 Kb8 23. Nb5 Ba5+ 24. Kf2 Ne7 25. Qa7# 1-0


[Site "https://www.chess.com"]

[Event "Titled Tuesday Blitz December 06 Early 2022"]
[White "Omelja, Artem"]
[Black "Predke, Alexandr"]
[WhiteFideId "14119846"]
[BlackFideId "24107581"]
[WhiteElo "2404"]
[BlackElo "2616"]
[Result "0-1"]
[Round "02"]
[TimeControl "180+1"]
[Date "2022.12.06"]
[WhiteClock "0:00:02"]
[BlackClock "0:01:46"]

1. d4 d5 2. c4 e6 3. Nc3 Be7 4. Nf3 Nf6 5. cxd5 exd5 6. Bg5 c6 7. Qc2 g6 8. e3 Bf5 9. Bd3 Bxd3 10. Qxd3 O-O 11. O-O Nbd7 12. Rab1 a5 13. a3 Re8 14. Qc2 Ne4 15. Nxe4 dxe4 16. Bxe7 Qxe7 17. Nd2 Nb6 18. b4 axb4 19. axb4 Nd5 20. b5 Rac8 21. bxc6 Rxc6 22. Qb3 Nc3 23. Ra1 b5 24. Rfe1 Rec8 25. Nb1 b4 26. Nxc3 Rxc3 27. Qd5 Rc2 28. Rab1 h5 29. Qb5 R8c4 30. Qb8+ Kg7 31. h3 h4 32. Rb3 Qf6 33. Rf1 Rxf2 34. Rxf2 Rc1+ 35. Kh2 Qxf2 36. Qe5+ Kh7 0-1


[Site "https://www.chess.com"]

[Event "Titled Tuesday Blitz December 06 Early 2022"]
[White "Oro, Faustino"]
[Black "Andreikin, Dmitry"]
[WhiteFideId "20000197"]
[BlackFideId "4158814"]
[WhiteElo "1984"]
[BlackElo "2735"]
[Result "0-1"]
[Round "02"]
[TimeControl "180+1"]
[Date "2022.12.06"]
[WhiteClock "0:00:03"]
[BlackClock "0:00:19"]

1. e4 c5 2. Nf3 e6 3. d4 cxd4 4. Nxd4 Nc6 5. Nc3 Qc7 6. Be3 a6 7. Qf3 Nf6 8. O-O-O Rb8 9. Nxc6 bxc6 10. Bc4 Be7 11. g4 d5 12. Bb3 O-O 13. g5 Nd7 14. h4 Bb4 15. Ne2 Nc5 16. exd5 cxd5 17. Bf4 e5 18. Bg3 Nxb3+ 19. axb3 Be6 20. h5 Rfc8 21. c3 Be7 22. g6 Rxb3 23. gxf7+ Bxf7 24. Qf5 Qb7 25. Rd2 d4 26. Rg1 dxc3 27. bxc3 Ba3+ 28. Kc2 Rb2+ 29. Kd1 Qb3+ 0-1


[Site "https://www.chess.com"]

[Event "Titled Tuesday Blitz December 06 Early 2022"]
[White "Osinovsky, Stepan"]
[Black "Osiecki, Stanislaw"]
[WhiteFideId "4157354"]
[BlackFideId "1102990"]
[WhiteElo "2222"]
[BlackElo "2088"]
[Result "1-0"]
[Round "02"]
[TimeControl "180+1"]
[Date "2022.12.07"]
[WhiteClock "0:00:16"]
[BlackClock "0:00:18"]

1. e4 e6 2. d3 d5 3. Nd2 c5 4. Ngf3 Nc6 5. g3 Nf6 6. Bg2 dxe4 7. dxe4 e5 8. O-O Be7 9. c3 O-O 10. Qe2 a6 11. Nc4 Qc7 12. a4 Be6 13. h3 Bxc4 14. Qxc4 Na5 15. Qe2 c4 16. Bg5 Nb3 17. Rad1 Rfd8 18. Nh4 h6 19. Bxf6 Bxf6 20. Nf5 Kh7 21. h4 b5 22. axb5 axb5 23. Qh5 Rxd1 24. Rxd1 Ra2 25. g4 Rxb2 26. g5 Qc5 27. Rf1 Nd2 28. Qxf7 Qc8 29. gxf6 Qg8 30. Qh5 Nxf1 31. fxg7 Qe6 32. Qg4 Kg8 33. Bxf1 Rb1 34. Kg2 b4 35. Bxc4 Qxc4 36. Ne7+ Kh7 37. g8=Q+ Qxg8 38. Qxg8# 1-0


[Site "https://www.chess.com"]

[Event "Titled Tuesday Blitz December 06 Early 2022"]
[White "Ovchinnikov, Vsevolod"]
[Black "Alex_Sahakyan2006"]
[WhiteFideId "24176842"]
[WhiteElo "2376"]
[BlackElo "2234"]
[Result "1/2-1/2"]
[Round "02"]
[TimeControl "180+1"]
[Date "2022.12.07"]
[WhiteClock "0:00:06"]
[BlackClock "0:00:06"]

1. d4 Nf6 2. c4 e6 3. g3 d5 4. Bg2 dxc4 5. Nf3 a6 6. a4 Bb4+ 7. Bd2 Nc6 8. O-O O-O 9. Bxb4 Nxb4 10. Ne5 a5 11. Nxc4 Ra6 12. e3 Ra7 13. Nc3 Bd7 14. Qb3 Bc6 15. Nxa5 Bxg2 16. Kxg2 c5 17. Nc4 cxd4 18. Qxb4 dxc3 19. bxc3 Qd5+ 20. Kg1 h5 21. Rad1 Qc6 22. a5 h4 23. f3 Nd5 24. Qb3 Rc8 25. Rd4 hxg3 26. hxg3 Qc7 27. Kf2 Ra6 28. Rh1 e5 29. Rdh4 Rh6 30. Rxh6 gxh6 31. Rh4 Kf8 32. Qb5 Qc5 33. Qxc5+ Rxc5 34. Nxe5 Nf6 35. Nd3 Rxc3 36. Ke2 Ra3 37. Rxh6 Kg7 38. Rh4 Ra2+ 39. Ke1 Rxa5 40. Rb4 b5 41. e4 Ne8 42. Ke2 Nd6 43. Nf4 Nc4 44. Nd5 Ra2+ 45. Ke1 Ra1+ 46. Ke2 Ra2+ 47. Kd3 Ra3+ 48. Nc3 Nb6 49. Kc2 Na4 50. Nxb5 Rxf3 51. Rxa4 Rxg3 52. Kd2 Kg6 53. Nd6 Kf6 54. Nf5 Rb3 55. Ke2 Ke5 56. Rc4 Kf4 57. Nd6 Ke5 58. Nxf7+ Kf6 59. Nd6 Ke5 60. Nf5 Kf4 61. Ne7 Re3+ 62. Kd2 Rxe4 63. Nd5+ Ke5 64. Rxe4+ Kxe4 1/2-1/2


[Site "https://www.chess.com"]

[Event "Titled Tuesday Blitz December 06 Early 2022"]
[White "Ozen, Bahadir"]
[Black "Franca, Ricardo Bedin"]
[WhiteFideId "6337058"]
[BlackFideId "2107066"]
[WhiteElo "2503"]
[BlackElo "2493"]
[Result "1-0"]
[Round "02"]
[TimeControl "180+1"]
[Date "2022.12.07"]
[WhiteClock "0:01:05"]
[BlackClock "0:00:54"]

1. g3 d5 2. Nf3 Nf6 3. Bg2 Bf5 4. d3 e6 5. Nh4 Bg6 6. Nxg6 hxg6 7. Nd2 c5 8. O-O Nc6 9. e4 g5 10. exd5 Nxd5 11. Ne4 Be7 12. Re1 f5 13. Nd2 Qd7 14. c3 Nc7 15. Nc4 Bf6 16. Be3 b6 17. Qf3 Nd5 18. Bxg5 Kf7 19. Bxf6 gxf6 20. a4 Rh6 21. Rxe6 Kxe6 22. Re1+ Ne5 23. d4 cxd4 24. cxd4 Nc7 25. dxe5 Rah8 26. exf6+ Kxf6 27. Qc3+ Kg5 28. f4+ Kh5 29. Bf3+ Kg6 30. Ne5+ 1-0


[Site "https://www.chess.com"]

[Event "Titled Tuesday Blitz December 06 Early 2022"]
[White "Pakleza, Zbigniew"]
[Black "Estrada Nieto, Julian"]
[WhiteFideId "1119290"]
[BlackFideId "5101018"]
[WhiteElo "2410"]
[BlackElo "2195"]
[Result "1-0"]
[Round "02"]
[TimeControl "180+1"]
[Date "2022.12.07"]
[WhiteClock "0:00:42"]
[BlackClock "0:00:04"]

1. d4 d5 2. Bf4 Nf6 3. e3 c5 4. c3 Nc6 5. Nd2 e6 6. Ngf3 h6 7. Bd3 Bd6 8. Bg3 Bxg3 9. hxg3 Qd6 10. Qa4 cxd4 11. exd4 O-O 12. O-O Bd7 13. Qd1 e5 14. dxe5 Nxe5 15. Nxe5 Qxe5 16. Nf3 Qh5 17. Qd2 Rfe8 18. Rfe1 Ng4 19. Qf4 d4 20. cxd4 Bc6 21. Qf5 Qxf5 22. Bxf5 Nf6 23. Ne5 Rad8 24. Nxc6 Rxe1+ 25. Rxe1 bxc6 26. Re7 Rxd4 27. Rxa7 Rd1+ 28. Kh2 g6 29. Bc8 Ne4 30. f3 Nd6 31. Rd7 Kf8 32. a4 Rd2 33. a5 Ke8 34. a6 Nxc8 35. Rxd2 Nb6 36. Rd6 1-0


[Site "https://www.chess.com"]

[Event "Titled Tuesday Blitz December 06 Early 2022"]
[White "Papp, Levente"]
[Black "Grandelius, Nils"]
[WhiteFideId "751243"]
[BlackFideId "1710400"]
[WhiteElo "2380"]
[BlackElo "2617"]
[Result "0-1"]
[Round "02"]
[TimeControl "180+1"]
[Date "2022.12.06"]
[WhiteClock "0:00:01"]
[BlackClock "0:01:30"]

1. Nf3 f5 2. g3 Nf6 3. Bg2 d6 4. O-O e5 5. d3 Be7 6. e4 O-O 7. exf5 Bxf5 8. Nc3 c5 9. Ng5 Nc6 10. Nd5 Kh8 11. Nxe7 Qxe7 12. Ne4 Qd7 13. Nxf6 Rxf6 14. f4 Bg4 15. Bf3 Bxf3 16. Qxf3 Raf8 17. Qg2 g5 18. f5 Rxf5 19. Be3 g4 20. Bh6 R8f6 21. Bg5 Rf7 22. Rxf5 Qxf5 23. Rf1 Qxf1+ 24. Qxf1 Rxf1+ 25. Kxf1 Kg7 26. c3 Kg6 27. Be3 Kf5 28. Ke2 Ne7 29. b4 cxb4 30. cxb4 a6 31. Bd2 Nd5 32. Be1 h5 33. Bd2 b5 34. Be1 e4 35. d4 Nb6 0-1


[Site "https://www.chess.com"]

[Event "Titled Tuesday Blitz December 06 Early 2022"]
[White "Paravyan, David"]
[Black "Czopor, Maciej"]
[WhiteFideId "4194985"]
[BlackFideId "21805431"]
[WhiteElo "2551"]
[BlackElo "2324"]
[Result "1-0"]
[Round "02"]
[TimeControl "180+1"]
[Date "2022.12.06"]
[WhiteClock "0:01:47"]
[BlackClock "0:01:21"]

1. e4 g6 2. d4 Bg7 3. Nf3 c6 4. h3 d5 5. e5 f6 6. Bf4 Nh6 7. exf6 exf6 8. Bd3 Nf7 9. O-O O-O 10. Re1 Nd6 11. Nbd2 b6 12. Rc1 Na6 13. a3 Nc7 14. c4 dxc4 15. Nxc4 Nxc4 16. Bxc7 Qxc7 17. Bxc4+ Kh8 18. Bd5 Bb7 19. Bxc6 Bh6 20. Bxb7 Qxb7 21. Rc2 Rad8 22. Rce2 Rd7 23. Qb3 Rfd8 24. Re8+ Bf8 25. Qb4 1-0


[Site "https://www.chess.com"]

[Event "Titled Tuesday Blitz December 06 Early 2022"]
[White "Piesik, Piotr"]
[Black "Kuchava, Ana"]
[WhiteFideId "1136194"]
[BlackFideId "13605348"]
[WhiteElo "2316"]
[BlackElo "2001"]
[Result "1-0"]
[Round "02"]
[TimeControl "180+1"]
[Date "2022.12.07"]
[WhiteClock "0:01:54"]
[BlackClock "0:00:37"]

1. Nf3 d5 2. g3 Nf6 3. Bg2 c5 4. O-O Nc6 5. d3 e5 6. Nbd2 Bd6 7. e4 d4 8. Nc4 O-O 9. Nxd6 Qxd6 10. Nd2 Bd7 11. f4 Ng4 12. Nc4 Qc7 13. h3 b5 14. hxg4 bxc4 15. dxc4 f6 16. g5 Rad8 17. gxf6 Rxf6 18. f5 h6 19. g4 Rff8 20. g5 hxg5 21. Bxg5 Rde8 22. Qh5 Bc8 23. Rf2 Qf7 24. Qxf7+ Rxf7 25. Bf3 a5 26. Bh5 a4 27. f6 gxf6 28. Bxf7+ Kxf7 29. Rxf6+ 1-0


[Site "https://www.chess.com"]

[Event "Titled Tuesday Blitz December 06 Early 2022"]
[White "Postnikov, Artem"]
[Black "Ibarra Jerez, Jose Carlos"]
[WhiteFideId "34153575"]
[BlackFideId "2226332"]
[WhiteElo "2243"]
[BlackElo "2638"]
[Result "0-1"]
[Round "02"]
[TimeControl "180+1"]
[Date "2022.12.07"]
[WhiteClock "0:00:04"]
[BlackClock "0:00:24"]

1. d4 Nf6 2. c4 d6 3. Nc3 e5 4. Nf3 e4 5. Nd2 Qe7 6. e3 Bf5 7. b4 h5 8. Bb2 g6 9. Be2 Bg7 10. Qb3 O-O 11. a4 Re8 12. a5 Nbd7 13. a6 b6 14. Nd5 Qd8 15. b5 Nxd5 16. cxd5 Qg5 17. g3 h4 18. Rc1 Rac8 19. g4 Bxg4 20. Rg1 f5 21. h3 Nf6 22. hxg4 fxg4 23. Nf1 Kh7 24. Qd1 g3 25. fxg3 Nxd5 26. Qd2 Bh6 27. Rc3 Rf8 28. Rb3 Rf5 29. g4 Rcf8 30. Kd1 Rxf1+ 31. Rxf1 Nxe3+ 32. Rxe3 Rxf1+ 33. Bxf1 Qxe3 34. Qxe3 Bxe3 35. d5 Kh6 36. Ke2 Bf4 37. Bg2 Kg5 38. Bxe4 Kxg4 39. Bxg6 h3 40. Bf6 Bg5 41. Bd4 Kf4 42. Be3+ Ke5 43. Bxg5 h2 44. Bf6+ Kf4 45. Bg5+ Ke5 46. Bf6+ Kxd5 47. Be8 Kc5 48. Bc6 d5 49. Be7+ Kc4 0-1


[Site "https://www.chess.com"]

[Event "Titled Tuesday Blitz December 06 Early 2022"]
[White "Przybylski, Wojciech"]
[Black "Mitrovic, Darko R"]
[WhiteFideId "1117599"]
[BlackFideId "927023"]
[WhiteElo "2217"]
[BlackElo "2150"]
[Result "1-0"]
[Round "02"]
[TimeControl "180+1"]
[Date "2022.12.07"]
[WhiteClock "0:00:06"]
[BlackClock "0:00:03"]

1. e4 e6 2. d4 d5 3. Nc3 Bb4 4. a3 Bxc3+ 5. bxc3 dxe4 6. Qg4 Nf6 7. Qxg7 Rg8 8. Qh6 Nbd7 9. Ne2 b6 10. c4 Bb7 11. Qe3 Qe7 12. h3 O-O-O 13. Qc3 c5 14. Be3 cxd4 15. Nxd4 Nc5 16. Nb5 a6 17. Nd4 Nfd7 18. a4 e5 19. Nf5 Qe6 20. g4 a5 21. Rd1 Nb8 22. Be2 Rxd1+ 23. Kxd1 Rd8+ 24. Kc1 Nxa4 25. Qa3 Nc5 26. Bxc5 bxc5 27. Qxc5+ Nc6 28. Rd1 Rxd1+ 29. Bxd1 Kc7 30. c3 h5 31. Bc2 hxg4 32. hxg4 Qf6 33. Bxe4 Qg5+ 34. Ne3 Qf4 35. Bd5 Qxf2 36. Bxc6 Qe1+ 37. Kc2 Bxc6 38. Qxe5+ Kb6 39. Nd5+ Bxd5 40. Qxe1 Bxc4 41. Qe5 Be6 42. Kb2 a4 43. g5 Bb3 44. Ka3 Kc6 45. Kb4 Kd7 46. Qf6 Kc7 47. Kc5 Be6 48. Qe7+ Kc8 49. Kb6 a3 50. Qc7# 1-0


[Site "https://www.chess.com"]

[Event "Titled Tuesday Blitz December 06 Early 2022"]
[White "Quinones Garcia, Santiago"]
[Black "Papasimakopoulos, Alexandros"]
[WhiteFideId "4408497"]
[BlackFideId "4244125"]
[WhiteElo "2249"]
[BlackElo "2384"]
[Result "0-1"]
[Round "02"]
[TimeControl "180+1"]
[Date "2022.12.07"]
[WhiteClock "0:00:01"]
[BlackClock "0:00:07"]

1. e4 e6 2. d4 d5 3. e5 b6 4. c3 Qd7 5. Nf3 Ne7 6. a3 a5 7. Bd3 Ba6 8. O-O Bxd3 9. Qxd3 Nf5 10. Bf4 c5 11. Nbd2 c4 12. Qe2 b5 13. Rfe1 Nc6 14. b4 cxb3 15. Qxb5 a4 16. Qd3 h5 17. c4 dxc4 18. Nxc4 Rb8 19. d5 Qxd5 20. Qxd5 exd5 21. e6 dxc4 22. exf7+ Kxf7 23. Bxb8 Nxb8 24. Ne5+ Kf6 25. Nxc4 Bc5 26. Re5 Rc8 27. Rae1 Bxf2+ 28. Kxf2 Rxc4 29. Re6+ Kf7 30. Rb6 Rf4+ 31. Kg1 Nd7 32. Rb7 Rd4 33. Re5 Kf6 34. Reb5 Nd6 35. Rxb3 Nc5 36. Rf3+ Nf5 37. Rb5 Rc4 38. h3 h4 39. Rb6+ Kg5 40. Rb5 Ng3 41. Kh2 Rc1 42. Rxg3+ hxg3+ 43. Kxg3 Rc3+ 44. Kh2 Kh6 45. Rb6+ g6 46. Rc6 Ne4 47. Re6 Ng5 48. Re7 Rxa3 49. Ra7 Ra2 50. h4 Nf3+ 51. Kh3 Nd4 52. g4 Ra3+ 53. Kh2 Nf3+ 54. Kg3 Ne1+ 55. Kf4 Nd3+ 56. Kg3 Nc5+ 57. Kf4 Ne6+ 58. Ke4 Nf8 59. Rf7 Ne6 60. Rf6 Ra1 61. h5 Re1+ 62. Kd5 Nc7+ 63. Kc6 Re6+ 0-1


[Site "https://www.chess.com"]

[Event "Titled Tuesday Blitz December 06 Early 2022"]
[White "Ramirez Vido, Robert Yorisan"]
[Black "Postnikov, Daniil"]
[WhiteFideId "3513823"]
[BlackFideId "4166329"]
[WhiteElo "2372"]
[BlackElo "2261"]
[Result "0-1"]
[Round "02"]
[TimeControl "180+1"]
[Date "2022.12.07"]
[WhiteClock "0:00:17"]
[BlackClock "0:01:38"]

1. f4 e5 2. fxe5 d6 3. exd6 Bxd6 4. Nf3 g5 5. g3 g4 6. Nh4 Ne7 7. d4 Nbc6 8. c3 Ng6 9. Nxg6 hxg6 10. Qd3 Be6 11. Bg2 Qe7 12. e4 O-O-O 13. Nd2 f5 14. Qe2 f4 15. e5 Bb4 16. gxf4 Ba5 17. Bxc6 bxc6 18. Qa6+ Kb8 19. Qxa5 Bd5 20. Rg1 Qh4+ 21. Kd1 Qxh2 22. Re1 g3 23. c4 g2 24. Nb3 Bf3+ 0-1


[Site "https://www.chess.com"]

[Event "Titled Tuesday Blitz December 06 Early 2022"]
[White "Rian, Kapriaga"]
[Black "Mkrtchian, Lilit"]
[WhiteFideId "7103263"]
[BlackFideId "13300601"]
[WhiteElo "2309"]
[BlackElo "2316"]
[Result "0-1"]
[Round "02"]
[TimeControl "180+1"]
[Date "2022.12.07"]
[WhiteClock "0:00:01"]
[BlackClock "0:00:09"]

1. d4 Nf6 2. Nf3 d5 3. Bf4 c5 4. e3 Nc6 5. Nbd2 Bg4 6. c3 e6 7. Qa4 Nd7 8. Bb5 Qb6 9. O-O a6 10. Bxc6 Qxc6 11. Qxc6 bxc6 12. a3 Be7 13. b4 c4 14. e4 O-O 15. Rfe1 Nb6 16. a4 a5 17. Bc7 Nxa4 18. Rxa4 axb4 19. Rxb4 Bxb4 20. cxb4 c3 21. Nb3 Bxf3 22. gxf3 Ra3 23. Na5 Rc8 24. Bd6 Ra2 25. Rc1 c2 26. Kf1 f6 27. Ke2 Kf7 28. Kd2 Ra3 29. Rxc2 Rxf3 30. Ke2 Rh3 31. Rxc6 Rxc6 32. Nxc6 dxe4 33. b5 Rb3 34. Bb4 Ke8 0-1


[Site "https://www.chess.com"]

[Event "Titled Tuesday Blitz December 06 Early 2022"]
[White "Richter, Paul"]
[Black "Aravindh, Chithambaram VR."]
[WhiteFideId "2046350"]
[BlackFideId "5072786"]
[WhiteElo "2587"]
[BlackElo "2586"]
[Result "0-1"]
[Round "02"]
[TimeControl "180+1"]
[Date "2022.12.06"]
[WhiteClock "0:00:07"]
[BlackClock "0:00:44"]

1. e4 e5 2. Nf3 Nc6 3. Bb5 a6 4. Ba4 Nf6 5. d3 Bc5 6. c3 O-O 7. O-O Re8 8. Nbd2 d5 9. Re1 Bg4 10. h3 Bh5 11. Qe2 Bg6 12. Bc2 Nh5 13. Nf1 Nf4 14. Bxf4 exf4 15. d4 dxe4 16. dxc5 exf3 17. Qxe8+ Qxe8 18. Rxe8+ Rxe8 19. Bxg6 hxg6 20. gxf3 Re2 21. b3 Ne5 22. Rd1 Nxf3+ 23. Kg2 Nh4+ 24. Kg1 Nf5 25. Rd8+ Kh7 26. Rd7 Re7 27. Rxe7 Nxe7 28. Nd2 g5 29. Kg2 Kg6 30. Kf3 f5 31. Nc4 Nc6 32. b4 Kf6 33. a4 Ne5+ 34. Nxe5 Kxe5 35. Ke2 g4 36. h4 0-1


[Site "https://www.chess.com"]

[Event "Titled Tuesday Blitz December 06 Early 2022"]
[White "Riehle, Marco"]
[Black "Bortnyk, Olexandr"]
[WhiteFideId "12904392"]
[BlackFideId "14120828"]
[WhiteElo "2462"]
[BlackElo "2723"]
[Result "0-1"]
[Round "02"]
[TimeControl "180+1"]
[Date "2022.12.06"]
[WhiteClock "0:00:03"]
[BlackClock "0:00:05"]

1. e4 e5 2. Nf3 d6 3. d4 exd4 4. Nxd4 Nf6 5. Nc3 Be7 6. Bc4 O-O 7. O-O c5 8. Nf3 Nc6 9. h3 a6 10. a4 Be6 11. Qe2 Rc8 12. Rd1 Qc7 13. Bf4 Nd7 14. Rd2 Nde5 15. Bxe5 dxe5 16. Nd5 Bxd5 17. Bxd5 Nd4 18. Qe3 b5 19. c3 Nxf3+ 20. Qxf3 Bg5 21. Rd3 c4 22. Rdd1 g6 23. axb5 axb5 24. Ra6 Kg7 25. Rda1 Qc5 26. Qg4 Be7 27. h4 h5 28. Qg3 Bd6 29. Rd1 Rfd8 30. Qg5 Qc7 31. Rda1 Rd7 32. Rc6 Qd8 33. Rxc8 Qxc8 34. Ra8 Qc7 35. g4 Be7 36. Qe3 hxg4 37. h5 gxh5 38. Rh8 Bg5 39. Qxg5+ Kxh8 40. Qxh5+ Kg7 41. Qg5+ Kf8 42. Qh6+ Ke7 43. Qh4+ Kd6 44. Qf6+ Kc5 45. Qa6 Rxd5 46. exd5 Kxd5 47. Qxb5+ Ke4 48. Qe8 Kd3 49. Qb5 Kc2 50. Kh2 f5 51. Qb4 e4+ 52. Kg1 Qc6 53. Kh2 f4 54. Qa3 e3 55. fxe3 fxe3 56. Qa7 Qd6+ 57. Kg2 Qd2+ 58. Kg3 e2 59. Qh7+ Kc1 60. Kxg4 e1=Q 61. Qg6 Qg2+ 62. Kf5 Qee4+ 63. Kf6 Qgxg6# 0-1


[Site "https://www.chess.com"]

[Event "Titled Tuesday Blitz December 06 Early 2022"]
[White "Rose, Felix"]
[Black "Rangel, Daniel"]
[WhiteFideId "5105722"]
[BlackFideId "2124475"]
[WhiteElo "2039"]
[BlackElo "2225"]
[Result "0-1"]
[Round "02"]
[TimeControl "180+1"]
[Date "2022.12.07"]
[WhiteClock "0:01:31"]
[BlackClock "0:00:41"]

1. e4 c5 2. Nf3 g6 3. d4 cxd4 4. Nxd4 Bg7 5. c4 Nc6 6. Be3 Nf6 7. Nc3 O-O 8. Be2 d6 9. f3 Nxd4 10. Bxd4 Bd7 11. Qd2 Bc6 12. h4 a6 13. h5 Qb8 14. O-O-O b5 15. g4 bxc4 16. Bxc4 Rc8 17. hxg6 hxg6 18. Qh2 d5 19. Bxd5 Qxh2 20. Rxh2 e5 21. Bxe5 Nxg4 22. Bxc6 Nxh2 23. Bxa8 Bxe5 24. Bb7 Rc7 25. Rd8+ Kg7 26. Rc8 Rxb7 0-1


[Site "https://www.chess.com"]

[Event "Titled Tuesday Blitz December 06 Early 2022"]
[White "Sadhwani, Raunak"]
[Black "Goroshkov, Maksym"]
[WhiteFideId "35093487"]
[BlackFideId "14142716"]
[WhiteElo "2657"]
[BlackElo "2258"]
[Result "1-0"]
[Round "02"]
[TimeControl "180+1"]
[Date "2022.12.06"]
[WhiteClock "0:01:40"]
[BlackClock "0:00:21"]

1. c4 Nf6 2. Nc3 d5 3. cxd5 Nxd5 4. Nf3 g6 5. h4 h5 6. Qb3 Nb6 7. Ng5 e6 8. d4 Bg7 9. Bf4 O-O 10. e3 Nc6 11. Rd1 Nd5 12. Bg3 Nxc3 13. bxc3 b6 14. Be2 Bb7 15. O-O Ne7 16. e4 Bf6 17. Qc2 Nc8 18. f4 Bg7 19. f5 Nd6 20. fxg6 f5 21. Nxe6 Qe7 22. Nxf8 Bxe4 23. Qb3+ Kxf8 24. Bd3 Ke8 25. Bxd6 cxd6 26. Bxe4 fxe4 27. Rf7 Qxh4 28. Qe6+ 1-0


[Site "https://www.chess.com"]

[Event "Titled Tuesday Blitz December 06 Early 2022"]
[White "Sadilek, Peter"]
[Black "Acor, Corey"]
[WhiteFideId "1616439"]
[BlackFideId "2024861"]
[WhiteElo "2227"]
[BlackElo "2341"]
[Result "0-1"]
[Round "02"]
[TimeControl "180+1"]
[Date "2022.12.07"]
[WhiteClock "0:00:03"]
[BlackClock "0:00:09"]

1. Nf3 d6 2. c4 g6 3. e4 Bg7 4. d4 Nc6 5. d5 Ne5 6. Nxe5 Bxe5 7. Bd3 Bg7 8. O-O e5 9. Nc3 Ne7 10. Be3 f5 11. f3 c5 12. dxc6 bxc6 13. b4 O-O 14. Qb3 Be6 15. Rfd1 Qc8 16. Rac1 Qb7 17. a3 Rab8 18. Qc2 Rbd8 19. Na4 Qc7 20. Qf2 fxe4 21. Bxe4 Rd7 22. Qe2 Qb8 23. Nc3 Nf5 24. Bf2 Rc8 25. b5 cxb5 26. cxb5 Nd4 27. Bxd4 exd4 28. Nd5 Re8 29. Qc4 Kh8 30. a4 Rdd8 31. Rxd4 Rc8 32. Qxc8 Rxc8 33. Rdc4 Rxc4 34. Rxc4 Bxd5 35. Bxd5 Be5 36. g3 Qb6+ 37. Kg2 Qe3 38. Be6 Qe2+ 39. Kh3 Qxf3 40. Rc8+ Kg7 41. Rc7+ Kh6 42. Bg8 Bg7 43. a5 Qh5+ 44. Kg2 Qxb5 45. Rxa7 Qe2+ 46. Kh3 d5 47. Bxd5 Qh5+ 48. Kg2 Qxd5+ 49. Kh3 Qe6+ 50. Kg2 Qe3 51. Kh3 Qxa7 0-1


[Site "https://www.chess.com"]